 Dungeon Crawl Stone Soup version 0.30.1 (webtiles) character file.

Game seed: 6434938414186640625

66647 ripuliukko the Eclecticist (level 14, -3/63 (74) HPs)
             Began as a Deep Elf Earth Elementalist on July 12, 2023.
             Was a High Priest of Vehumet.
             Splashed by a caustic shrike (glowing shapeshifter)'s acid (10 damage)
             ... on level 15 of the Dungeon.
             The game lasted 00:46:52 (21328 turns).

ripuliukko the Eclecticist (DEEE)                  Turns: 21328, Time: 00:46:53

HP:   -3/63 (74)    AC:  7    Str: 13    XL:     14   Next: 80%
MP:   1/39          EV: 14    Int: 29    God:    Vehumet [*****.]
Gold: 393           SH: 13    Dex: 15    Spells: 12/45 levels left

rFire   . . .        o - staff of air
rCold   + . .        p - +3 buckler
rNeg    . . .        H - +0 steam dragon scales
rPois   .            R - +1 helmet
rElec   +            h - +0 cloak of the Enchanted Forest {rC+}
rCorr   .            (no gloves)
SInv    .            e - +2 pair of boots
Will    +....        n - amulet of reflection
Stlth   ++           Y - ring of Joses {Wiz Str+8 Int+3}
HPRegen 0.30/turn    x - +4 ring of protection
MPRegen 0.26/turn

%: reflection, clarity, wizardry (x1)
@: about to teleport, corroded, heavily drained
A: clarity, high MP 1, MP-powered wands
a: Renounce Religion


You were on level 15 of the Dungeon.
You worshipped Vehumet.
Vehumet was extremely pleased with you.
You visited 4 branches of the dungeon, and saw 19 of its levels.
You also visited: Bailey and Ice Cave.

You collected 1495 gold pieces.
You spent 1102 gold pieces at shops.

Inventory:

Hand Weapons
 G - the +5 quarterstaff of the Gnashing Gods {spect, Will- rCorr Str+6}
   (You bought it in a shop on level 8 of the Dungeon)

   Str:       It affects your strength (+6).
   rCorr:     It protects you from acid and corrosion.
   Will:      It decreases your willpower.
 I - a +0 quarterstaff
Missiles
 r - 4 throwing nets
Armour
 e - a +2 pair of boots (worn)
 h - the +0 cloak of the Enchanted Forest (worn) {rC+}
   (You found it on level 4 of the Dungeon)

   rC:        It protects you from cold.
 p - a +3 buckler (worn)
 H - +0 steam dragon scales (worn)
 J - an orb of energy
 R - a +1 helmet (worn)
Magical Staves
 o - a staff of air (weapon)
 F - a staff of earth
Jewellery
 a - a ring of positive energy
 c - a ring of fire
 f - a +6 ring of strength
 j - a ring of willpower
 k - an amulet of regeneration
 n - an amulet of reflection (around neck)
 v - the ring of Sophism {Ice rElec Int-2 Stlth+}
   (You found it on level 6 of the Dungeon)

   [ring of ice]

   It enhances your ice magic.
   Int:       It affects your intelligence (-2).
   rF:        It makes you vulnerable to fire.
   rC:        It protects you from cold.
   rElec:     It insulates you from electricity.
   Stlth:     It makes you more stealthy.
 x - a +4 ring of protection (right hand)
 y - a ring of poison resistance
 L - a ring of positive energy
 N - a +6 ring of dexterity
 Q - a ring of resist corrosion
 S - a ring of fire
 T - the ring of Nourep {rF+ Str+3 Dex+3}
   (You found it in an ice cave)

   [ring of protection from fire]

   Str:       It affects your strength (+3).
   Dex:       It affects your dexterity (+3).
   rF:        It protects you from fire.
 Y - the ring of Joses (left hand) {Wiz Str+8 Int+3}
   (You acquired it on level 13 of the Dungeon)

   [ring of wizardry]

   It improves your spell success rate.
   Str:       It affects your strength (+8).
   Int:       It affects your intelligence (+3).
Wands
 i - a wand of polymorph (16)
 u - a wand of charming (32)
 z - a wand of digging (11)
 E - a wand of iceblast (5)
 O - a wand of mindburst (23)
 U - a wand of acid (2)
 W - a wand of flame (12)
Scrolls
 g - 3 scrolls of poison
 t - 6 scrolls of vulnerability
 A - 2 scrolls of enchant weapon
 B - a scroll of identify
 K - a scroll of magic mapping
 P - a scroll of teleportation
 V - 7 scrolls of enchant armour
Potions
 b - 3 potions of magic
 d - 4 potions of ambrosia
 l - 6 potions of might
 m - 3 potions of resistance
 q - 5 potions of cancellation
 s - 3 potions of brilliance
 w - 5 potions of heal wounds
 C - 4 potions of curing
 D - 4 potions of haste
 M - a potion of mutation
 Z - a potion of invisibility
Miscellaneous
 X - a condenser vane


   Skills:
 + Level 3.1 Fighting
 + Level 2.8 Staves
 + Level 5.7 Dodging
 + Level 3.7 Stealth
 * Level 5.9 Shields
 + Level 16.0 Spellcasting
 * Level 11.3 Conjurations
 + Level 4.3 Transmutations
 + Level 5.4 Fire Magic
 + Level 5.9 Ice Magic
 + Level 8.0 Air Magic
 + Level 11.0 Earth Magic
 + Level 6.1 Poison Magic
 * Level 11.4 Evocations


You had 12 spell levels left.
You knew the following spells:

 Your Spells              Type           Power      Damage    Failure   Level
a - Sandblast             Erth           100%       2d20      1%          1
b - Swiftness             Air            81%        N/A       1%          3
c - Mephitic Cloud        Conj/Pois/Air  83%        N/A       1%          3
d - Freezing Cloud        Conj/Ice/Air   41%        6-21      1%          5
e - Airstrike             Air            40%        2d(6-22)  1%          4
f - Sticky Flame          Conj/Fire      64%        2d8       1%          4
i - Ignite Poison         Fire/Tmut/Pois 52%        N/A       1%          3
q - Stone Arrow           Conj/Erth      100%       3d13      1%          3
r - Frozen Ramparts       Ice            100%       1d16      1%          3
w - Flame Wave            Conj/Fire      64%        2d15      1%          4

Your spell library contained the following spells:

 Spells                   Type           Power      Damage    Failure   Level
 Iskenderun's Battlesphe  Conj           73%        2d12      1%          5
 Magic Dart               Conj           100%       1d8       1%          1
 Shock                    Conj/Air       100%       1d9       1%          1
 Call Imp                 Summ           46%        N/A       1%          2
 Cigotuvi's Dreadful Rot  Necr/Pois/Air  100%       N/A       1%          2
 Passwall                 Tmut/Erth      50%        N/A       1%          2
 Inner Flame              Hex/Fire       38%        N/A       1%          3
 Petrify                  Tmut/Erth      61%        N/A       1%          4
 Dispel Undead            Necr           23%        3d12      11%         4
 Ozocubu's Refrigeration  Ice            27%        4d13      21%         7
 Simulacrum               Ice/Necr       20%        N/A       43%         6
 Ignition                 Fire           26%        3d9       80%         8
 Death Channel            Necr           11%        N/A       82%         6
 Polar Vortex             Ice            27%        N/A       100%        9


Dungeon Overview and Level Annotations

Branches:
Dungeon (15/15)            Temple (1/1) D:5            Lair (2/5) D:10
  Snake (0/4) Lair:2          Orc (1/2) D:10         Vaults (0/5) D:14
 Bailey (visited)           IceCv (visited)
  Swamp: Lair:2-3    Shoals: Lair:2-3    Depths: D:15

Altars:
Ashenzari
Cheibriados
Dithmenos
Elyvilon
Fedhas
Gozag
Hepliaklqana
Kikubaaqudgha
Makhleb
Nemelex Xobeh
Okawaru
Qazlal
Ru
Sif Muna
Trog
Uskayaw
Vehumet
Wu Jian
Xom
Yredelemnul
Zin
The Shining One

Shops:
D:8 (   D:13 ?

Portals:
Trove: D:12 (give +4 storm dragon scales)

Annotations:
D:6 3 runed translucent doors, Graphine's ghost, amateur DEHu
D:7 2 transporters


Innate Abilities, Weirdness & Mutations

You possess an exceptional clarity of mind.
You have an increased reservoir of magic. (+10% MP)
You expend magic power (3 MP) to strengthen your wands.


Message History

Press: ? - help, Shift-Dir - straight line, f/p - shadow dragon
Aim: a shadow dragon shaped shifter (heavily wounded, catching its breath)
The sticky flame hits the shadow dragon.
The shadow dragon is heavily wounded.
The shadow dragon is covered in liquid flames!
The shadow dragon burns!
You block the shadow dragon's attack.
The shadow dragon claws you but does no damage.
You block the shadow dragon's attack.
Unknown command.
Aiming: Corrosive Bolt
Press: ? - help, Shift-Dir - straight line, f/p - shadow dragon
Aim: a shadow dragon shaped shifter (heavily wounded, covered in liquid flames, catching its breath, 83% to hit)
The bolt of acid hits the shadow dragon!
The acid corrodes the shadow dragon!
The shadow dragon is severely wounded.
The shadow dragon burns!
The shadow dragon barely misses you. x2
The shadow dragon claws you but does no damage.
A death knight comes into view. It is wielding a +3 battleaxe.
Aiming: Corrosive Bolt
Press: ? - help, Shift-Dir - straight line, f/p - shadow dragon
Aim: a shadow dragon shaped shifter (severely wounded, covered in liquid flames, catching its breath, covered in acid, 83% to hit)
The bolt of acid hits the shadow dragon!
The shadow dragon is almost dead.
The shadow dragon burns!
The shadow dragon changes into a caustic shrike!
Unknown command.
Casting: Sticky Flame (safe; 1% risk of failure)
Confirm with . or Enter, or press ? or * to list all spells.
You don't have enough magic to cast this spell.
The caustic shrike claws you!! The acid corrodes you!
You are splashed with acid!
* * * LOW HITPOINT WARNING * * *
Unknown command.
Unknown command.
As you read the scroll of teleportation, it crumbles to dust.
You feel strangely unstable. You block the caustic shrike's attack.
The caustic shrike claws you.
* * * LOW HITPOINT WARNING * * *
The acid corrodes you!
You are splashed with acid!
You die...

## #.# ####### ).)
#.# # ))☼. #.# #
)))§## #.# $)))# #.#
#§.##.#####.#
#.§.........######
#.#b#.#######....###
# #@#..........?....
#.................
.?...................
#.....########....###
#.....# #....#
#..$p.# ###.##
#.....# #..# #.....#
##'# ##)##


You could see a caustic shrike shaped shifter and a death knight.

Vanquished Creatures
  2 very ugly things (D:15)
  A fire dragon (D:13)
  2 rakshasas (D:15)
  8 vault guards (D:14)
  Harold (D:9)
  3 hydras (D:13)
  A catoblepas (Lair:2)
  3 boulder beetles
  6 centaur warriors
  6 two-headed ogres
  A tengu warrior (D:13)
  6 death yaks (Lair:2)
  4 skeletal warriors (D:14)
  A glowing orange brain (D:15)
  2 bog bodies (IceCv)
  A harpy (shapeshifter) (D:13)
  A wizard (D:13)
  16 ugly things
  4 cyclopes
  A manticore (D:14)
  A gargoyle (D:12)
  6 elephants (Lair:1)
  An ice statue (IceCv)
  3 rime drakes
  2 komodo dragons
  2 kobold demonologists
  An unseen horror (D:11)
  An anaconda simulacrum (IceCv)
  2 freezing wraiths
  A yaktaur (D:13)
  4 guardian mummies (D:14)
  A troll (D:10)
  3 meliai (D:13)
  2 polar bears
  A meliai (shapeshifter) (D:13)
  Prince Ribbit (D:5)
  8 blink frogs
  11 slime creatures
  A vampire (D:7)
  3 dire elephant simulacra (IceCv)
  5 wyverns
  2 wraiths
  41 yaks
  15 vampire mosquitoes
  3 basilisks
  2 steam dragons (D:8)
  A death yak simulacrum (IceCv)
  3 nagas (Lair:2)
  A harpy simulacrum (IceCv)
  5 water moccasins
  9 orc warriors
  7 ice beasts
  12 centaurs
  3 wolves (D:10)
  2 kobold brigands
  3 gnoll sergeants
  4 bullfrogs
  3 two-headed ogre simulacra
  4 cane toad simulacra (IceCv)
  A scorpion (D:7)
  8 wights
  5 killer bees (D:6)
  An elephant simulacrum (IceCv)
  An electric eel (D:10)
  3 howler monkeys
  A crimson imp (D:11)
  9 jellies
  2 gnoll boudas
  A hound (D:6)
  8 orc priests
  6 iguanas
  14 orc wizards
  7 troll simulacra
  8 spriggan simulacra
  4 wolf simulacra (IceCv)
  4 mummies (D:14)
  33 gnolls
  7 adders
  13 naga simulacra
  A shadow imp (D:7)
  12 white imps
  10 ufetubi
  2 worms
  3 dart slugs
  69 orcs
  10 ball pythons
  5 bats
  14 endoplasms
  2 giant cockroaches
  9 goblins
  8 hobgoblins
  14 kobolds
  9 quokkas
  2 frilled lizards
  6 rats
  2 fire vortices
564 creatures vanquished.

Notes
Turn   | Place    | Note
-------+----------+-------------------------------------------
     0 | D:1      | ripuliukko the Deep Elf Earth Elementalist began the quest
                  | for the Orb.
     0 | D:1      | Reached XP level 1. HP: 10/10 MP: 6/6
   264 | D:1      | Reached XP level 2. HP: 15/15 MP: 5/8
   942 | D:1      | Reached skill level 4 in Spellcasting
  1084 | D:2      | Reached XP level 3. HP: 19/19 MP: 6/10
  1192 | D:2      | Found a faded altar of an unknown god.
  1270 | D:2      | Learned a level 3 spell: Stone Arrow
  1711 | D:3      | Reached XP level 4. HP: 24/24 MP: 6/12
  1911 | D:3      | Reached skill level 1 in Shields
  2060 | D:3      | Reached skill level 1 in Conjurations
  2176 | D:3      | Reached XP level 5. HP: 27/28 MP: 8/13
  2532 | D:4      | Reached skill level 5 in Spellcasting
  2890 | D:4      | Identified the +0 cloak of the Enchanted Forest {rC+}
  3107 | D:5      | Entered Level 5 of the Dungeon
  3107 | D:5      | Noticed Prince Ribbit
  3114 | D:5      | Killed Prince Ribbit
  3115 | D:5      | Reached skill level 5 in Earth Magic
  3115 | D:5      | Reached skill level 1 in Evocations
  3115 | D:5      | Reached XP level 6. HP: 23/32 MP: 9/16
  3120 | D:4      | Gained mutation: You have hidden genetic defects. [potion
                  | of mutation]
  3120 | D:4      | Gained mutation: You are clumsy. (Dex -2) [potion of
                  | mutation]
  3120 | D:4      | Gained mutation: You have an increased reservoir of magic.
                  | (+10% MP) [potion of mutation]
  3194 | D:4      | Lost mutation: You are clumsy. (Dex -2) [potion of
                  | mutation]
  3194 | D:4      | Lost mutation: You have hidden genetic defects. [potion of
                  | mutation]
  3194 | D:4      | Gained mutation: You expend magic power (3 MP) to
                  | strengthen your wands. [potion of mutation]
  3194 | D:4      | Gained mutation: You possess an exceptional clarity of
                  | mind. [potion of mutation]
  3228 | D:5      | Reached skill level 6 in Spellcasting
  3252 | D:5      | Reached XP level 7. HP: 36/36 MP: 16/19
  3351 | D:5      | You fall into a shaft and drop 1 floor!
  3359 | D:6      | Identified the +7 dagger "Oloar" {pain, rN+ MP+9}
  3420 | D:6      | Identified the ring of Sophism {Ice rElec Int-2 Stlth+}
  3472 | D:6      | Found a white marble altar of Elyvilon.
  3965 | D:5      | Found a staircase to the Ecumenical Temple.
  4028 | Temple   | Entered the Ecumenical Temple
  4234 | Temple   | Became a worshipper of Vehumet
  4559 | D:5      | Reached skill level 7 in Spellcasting
  4960 | D:5      | Learned a level 3 spell: Mephitic Cloud
  4964 | D:5      | Learned a level 3 spell: Ignite Poison
  4969 | D:5      | Learned a level 4 spell: Sticky Flame
  5103 | D:6      | Reached XP level 8. HP: 39/41 MP: 14/22
  5174 | D:6      | Identified the +0 mace of Trauma {drain, Str+2 Dex+4}
  5199 | D:6      | Reached skill level 1 in Fire Magic
  5279 | D:6      | Reached skill level 1 in Air Magic
  5320 | D:6      | Found a glowing silver altar of Zin.
  5324 | D:6      | Found an iron altar of Okawaru.
  5326 | D:6      | Found a hazy altar of Hepliaklqana.
  5538 | D:6      | Reached skill level 1 in Poison Magic
  5743 | D:6      | Found a runed translucent gate.
  5744 | D:6      | Found a runed translucent gate.
  5744 | D:6      | Found a runed translucent gate.
  5746 | D:6      | Noticed Graphine's ghost (amateur DEHu)
  5929 | D:7      | Reached * piety under Vehumet
  5929 | D:7      | Offered knowledge of Kiss of Death by Vehumet.
  5931 | D:7      | Reached skill level 8 in Spellcasting
  6036 | D:7      | Learned a level 3 spell: Swiftness
  6205 | D:7      | Found a transporter.
  6243 | D:7      | Reached XP level 9. HP: 45/45 MP: 13/25
  6248 | D:7      | Learned a level 4 spell: Petrify
  6587 | D:7      | Found a transporter.
  6803 | D:8      | Found Ryjaw's Antique Weapon Emporium.
  6808 | D:8      | Bought a brightly glowing quarterstaff for 270 gold pieces
  6808 | D:8      | Identified the +5 quarterstaff of the Gnashing Gods {spect,
                  | Will- rCorr Str+6} (You bought it in a shop on level 8 of
                  | the Dungeon)
  6828 | D:8      | Reached skill level 9 in Spellcasting
  6829 | D:8      | Offered knowledge of Momentum Strike by Vehumet.
  6840 | D:8      | Reached skill level 5 in Conjurations
  6940 | D:8      | Reached ** piety under Vehumet
  7724 | D:8      | Found an opulent altar of Gozag.
  8093 | D:9      | Found a flagged portal.
  8123 | Bailey   | Entered a bailey
  8600 | Bailey   | Offered knowledge of Inner Flame by Vehumet.
  8749 | D:9      | Reached skill level 5 in Evocations
  8893 | D:9      | Reached XP level 10. HP: 50/50 MP: 11/28
  9089 | D:9      | Noticed Harold
  9093 | D:9      | Reached *** piety under Vehumet
  9099 | D:9      | Killed Harold
  9293 | D:9      | Reached skill level 10 in Spellcasting
  9420 | D:9      | Found a glowing golden altar of the Shining One.
  9622 | D:10     | Entered Level 10 of the Dungeon
  9637 | D:10     | Reached skill level 1 in Fighting
  9776 | D:10     | Found a staircase to the Orcish Mines.
  9777 | D:10     | Acquired a staff of earth
  9800 | D:10     | Offered knowledge of Frozen Ramparts by Vehumet.
  9805 | D:10     | Learned a level 3 spell: Frozen Ramparts
  9902 | D:10     | Found a staircase to the Lair.
  9903 | D:10     | Noticed a two-headed ogre
  9908 | D:10     | Noticed a two-headed ogre
 10155 | D:10     | Killed a two-headed ogre
 10156 | D:10     | Reached skill level 1 in Staves
 10156 | D:10     | Reached skill level 1 in Ice Magic
 10162 | D:10     | Reached **** piety under Vehumet
 10360 | D:10     | Offered knowledge of Freezing Cloud by Vehumet.
 10367 | D:10     | Learned a level 5 spell: Freezing Cloud
 10588 | D:10     | Reached XP level 11. HP: 57/57 MP: 29/29
 10775 | D:10     | Killed a two-headed ogre
 10843 | D:10     | Found a shimmering altar of Xom.
 10937 | D:10     | Acquired 429 gold pieces
 11389 | D:11     | Found a frozen archway.
 11391 | D:11     | Noticed a two-headed ogre
 11395 | D:11     | Killed a two-headed ogre
 11425 | IceCv    | Entered an ice cave
 11435 | IceCv    | Learned a level 4 spell: Flame Wave
 11438 | IceCv    | Reached ***** piety under Vehumet
 11438 | IceCv    | Offered knowledge of Eringya's Noxious Bog by Vehumet.
 11705 | IceCv    | Identified the +0 plate armour "Caaroirgh" {+Blink Int+3}
 12048 | IceCv    | Reached skill level 11 in Spellcasting
 12071 | IceCv    | Reached skill level 5 in Air Magic
 12166 | IceCv    | Noticed a bog body
 12170 | IceCv    | Killed a bog body
 12290 | IceCv    | Noticed a bog body
 12296 | IceCv    | Killed a bog body
 12384 | IceCv    | Identified the ring of Nourep {rF+ Str+3 Dex+3}
 12731 | D:11     | Noticed a boulder beetle
 12755 | D:11     | Killed a boulder beetle
 12756 | D:11     | Reached skill level 5 in Poison Magic
 12756 | D:11     | Reached XP level 12. HP: 64/64 MP: 2/32
 13238 | D:11     | Noticed a two-headed ogre
 13247 | D:11     | Killed a two-headed ogre
 13398 | D:11     | Offered knowledge of Spellforged Servitor by Vehumet.
 13399 | D:11     | Reached skill level 12 in Spellcasting
 13684 | D:12     | Noticed a two-headed ogre
 13687 | D:12     | Killed a two-headed ogre
 13688 | D:12     | Noticed a boulder beetle
 13700 | D:12     | Killed a boulder beetle
 14002 | D:12     | Reached skill level 5 in Ice Magic
 14381 | D:12     | Found a portal to a secret trove of treasure.
 14525 | D:12     | Learned a level 4 spell: Airstrike
 14549 | D:13     | Found Puull's Magic Scroll Shop.
 14557 | D:13     | Bought a scroll of acquirement for 832 gold pieces
 14557 | D:13     | Acquired the ring of Joses {Wiz Str+8 Int+3}
 14594 | D:13     | Noticed a centaur warrior
 14599 | D:13     | Killed a centaur warrior
 14935 | D:13     | Noticed a tengu warrior
 14937 | D:13     | Noticed a seven-headed hydra
 14946 | D:13     | Noticed a centaur warrior
 14951 | D:13     | Killed a centaur warrior
 15480 | D:13     | Reached XP level 13. HP: 54/68 MP: 11/34
 15629 | D:13     | Reached skill level 5 in Shields
 15629 | D:13     | Reached skill level 13 in Spellcasting
 15670 | D:13     | Noticed a fire dragon
 15680 | D:13     | Killed a fire dragon
 16563 | D:14     | Found a gate to the Vaults.
 16582 | D:14     | Reached skill level 10 in Earth Magic
 16603 | D:14     | Reached skill level 14 in Spellcasting
 16603 | D:14     | Reached skill level 10 in Evocations
 16804 | D:14     | Reached skill level 10 in Conjurations
 17079 | D:14     | Noticed a reaper
 17079 | D:14     | Noticed a reaper
 17079 | D:14     | Noticed a reaper
 17079 | D:14     | Noticed a reaper
 17085 | D:14     | Noticed a reaper
 17111 | D:14     | Reached skill level 5 in Fire Magic
 17718 | D:14     | Reached XP level 14. HP: 45/74 MP: 27/38
 17865 | D:14     | Found an ancient bone altar of Kikubaaqudgha.
 17872 | D:14     | Reached skill level 15 in Spellcasting
 18551 | Lair:1   | Entered Level 1 of the Lair of Beasts
 18676 | Lair:1   | Offered knowledge of Iskenderun's Battlesphere by Vehumet.
 19909 | Lair:2   | Found a staircase to the Snake Pit.
 20149 | Lair:2   | Reached skill level 5 in Dodging
 20860 | Orc:1    | Entered Level 1 of the Orcish Mines
 21035 | D:15     | Entered Level 15 of the Dungeon
 21065 | D:15     | Noticed a brown very ugly thing
 21071 | D:15     | Killed a brown very ugly thing
 21158 | D:15     | Noticed a brown very ugly thing
 21164 | D:15     | Killed a brown very ugly thing
 21259 | D:15     | Reached skill level 16 in Spellcasting
 21309 | D:15     | Noticed a shadow dragon
 21313 | D:15     | a shadow dragon changed into an eleionoma
 21314 | D:15     | an eleionoma changed into a sphinx
 21314 | D:15     | Noticed a sphinx (glowing shapeshifter)
 21315 | D:15     | a sphinx changed into an alligator snapping turtle
 21318 | D:15     | an alligator snapping turtle changed into a sphinx
 21318 | D:15     | Noticed a sphinx (glowing shapeshifter)
 21319 | D:15     | a sphinx changed into a shadow dragon
 21319 | D:15     | Noticed a shadow dragon (glowing shapeshifter)
 21326 | D:15     | a shadow dragon changed into a caustic shrike
 21326 | D:15     | Noticed a caustic shrike (glowing shapeshifter)
 21328 | D:15     | Splashed by a caustic shrike (glowing shapeshifter)'s acid

Illustrated notes

Levels and vault maps discovered:
D:1:      enne_arrival_octagon_isle, layout_basic
D:2:      layout_basic, ebering_ecumenical_altar_petrified, st_stairs_14,
          grunt_decor_mini_mirrors, minmay_misc_feat_hallway
D:3:      layout_loops_ring
D:4:      layout_rooms
D:5:      layout_layer_cave, minmay_temple_entry_large_hall,
          hangedman_abyss_or_decor_lesser_grid, uniq_prince_ribbit1
D:6:      layout_gridville, minitemple, elyvilon_altar_4,
          ebering_ghost_rock_garden, chequers_avenue, minivault_4,
          chequers_serial_rivers_micro_a
D:7:      gammafunk_cloud_chamber, layout_rooms
D:8:      layout_layer_cave, lemuel_coloured_pillars_altar, serial_shops, shop
D:9:      layout_irregular_city, nicolae_overflow_crystal_walls, enter_bailey_5,
          uniq_harold
D:10:     layout_cave_pods, tgw_xom, hellmonk_lair_entry_icy, serial_ice,
          serial_ice_h, serial_ice_k, serial_ice_m, serial_ice_g, hex_medium
D:11:     lemuel_slime, layout_long_grid, portal_ice_cave_entry_ice_simulacra,
          minmay_fire_ice_demons
D:12:     layout_cave_pools, nicolae_trove_entry_columns, serial_column_ruins,
          column_ruins_open_small, column_ruins_open_medium,
          column_ruins_open_small, column_ruins_open_tiny,
          column_ruins_corridor_straight, column_ruins_open_medium_water,
          column_ruins_grid_2, minmay_misc_feat_x
D:13:     minmay_stepped, layout_loops_ring, serial_shops, shop,
          grunt_tough_drop
D:14:     layout_long_grid, erik_vaults_2, nicolae_kikubaaqudgha_miasma_corner,
          minmay_guarded_unrand_curses
D:15:     gammafunk_enter_depths_forms, layout_basic,
          gammafunk_ghost_fury_of_okawaru, special_room [special_room_orc],
          minivault_25
Temple:   bh_familiar_temple
Lair:1:   layout_gridlike, lemuel_fruit_fields
Lair:2:   layout_gridlike, minmay_snake_entry_guardpost_small
Orc:1:    layout_caves, serial_shops, shop, gammafunk_ghost_abyssal_escape

Skill      XL: |  1  2  3  4  5  6  7  8  9 10 11 12 13 14 |
---------------+-------------------------------------------+-----
Spellcasting   | 4 5 6 7 8 9 10 11 12 14 16 | 16.0
Earth Magic    | 4 5 6 7 8 9 10 11 | 11.0
Shields        | 1 2 3 4 5 |  5.9
Conjurations   | 1 2 3 4 5 6 7 9 10 11 | 11.3
Evocations     | 1 2 4 5 6 7 9 10 11 | 11.4
Fire Magic     | 2 4 5 |  5.4
Air Magic      | 2 3 4 5 6 7 8 |  8.0
Poison Magic   | 2 3 4 5 6 |  6.1
Transmutations | 2 3 4 |  4.3
Fighting       | 2 3 |  3.1
Staves         | 1 2 |  2.8
Dodging        | 3 4 5 |  5.7
Ice Magic      | 1 4 5 |  5.9
Stealth        | 3 |  3.7

Action                     |  1- 3 |  4- 6 |  7- 9 | 10-12 | 13-15 || total
---------------------------+-------+-------+-------+-------+-------++-------
  Melee: Unarmed           |     1 |     1 |       |       |       ||     2
         Dagger            |       |     1 |       |       |       ||     1
         Staff             |       |       |       |    24 |    11 ||    35
   Cast: Sandblast         |    62 |    67 |   121 |   159 |   102 ||   511
         Stone Arrow       |       |     2 |    31 |    69 |    55 ||   157
         Mephitic Cloud    |       |       |    38 |    81 |    42 ||   161
         Ignite Poison     |       |       |    13 |    46 |    21 ||    80
         Sticky Flame      |       |       |       |     9 |    47 ||    56
         Freezing Cloud    |       |       |       |    33 |    68 ||   101
         Flame Wave        |       |       |       |     1 |       ||     1
         Airstrike         |       |       |       |       |     3 ||     3
         Frozen Ramparts   |       |       |       |       |     2 ||     2
  Evoke: Wand              |       |       |     1 |     5 |     4 ||    10
    Use: Potion            |       |     7 |     1 |     1 |     8 ||    17
         Scroll            |       |     3 |    13 |    11 |     8 ||    35
   Stab: Confused          |       |       |       |     2 |     2 ||     4
 Armour: Robe              |     2 |     5 |     7 |       |       ||    14
         Steam dragon scal |       |       |     4 |    34 |    31 ||    69
  Dodge: Dodged            |    14 |     9 |    20 |    59 |    56 ||   158
  Block: Buckler           |     4 |    27 |    53 |    87 |    80 ||   251
         Reflection        |       |     2 |     4 |    17 |     8 ||    31
